[Event "*** Titled Tuesday Blitz"]
[Site "Chess.com"]
[Date "2020.03.03"]
[Round "9"]
[White "MixMasterChess"]
[Black "ChristianAlm"]
[Result "0-1"]
[WhiteElo "2101"]
[BlackElo "2335"]
[TimeControl "180+1"]
[EndTime "10:45:19 PST"]
[Termination "ChristianAlm won on time"]

1. e4 c5 2. Nf3 d6 3. Bb5+ Bd7 4.
Bxd7+ Qxd7 5. O-O Nf6 6. Re1 Nc6 7. c4 g6 8. d4 cxd4 9. Nxd4 Bg7 10. Nc3 O-O 11.
Be3 Ng4 12. Nxc6 bxc6 13. Bf4 Rab8 14. Rb1 Rfd8 15. h3 Nf6 16. b3 h6 17. Qc2 Rbc8 18.
Red1 Qe6 19. Re1 Kh7 20. Rbd1 Nd7 21. Bh2 Qf6 22. Ne2 Qb2 23. Qxb2 Bxb2 24. Rd2 Ba3 25.
Red1 Bb4 26. Rc2 Nc5 27. f3 Ne6 28. Kf1 Bc5 29. Bg1 Bxg1 30. Kxg1 Rd7 31. Kf2 Rcd8 32. Rcd2 f6 33. Ke3 Kg7 34. Nd4 Nxd4 35. Rxd4 Kf7 36.
c5 Ke6 37. cxd6 Rxd6 38. Rxd6+ exd6 39. Rc1 c5 40. Rc4 Rb8 41. Ra4 Rb7 42. Ra6 f5 43. g4 fxe4 44. Kxe4 Rb4+ 45. Ke3 Rb7 46. f4 Kd5 47. f5 gxf5 48. gxf5 Ke5 49. Kf3 Rf7 50.
Kg4 h5+ 51. Kxh5 Rxf5+ 52. Kg6 Rf6+ 53. Kg7 Rf3 54. h4 Rh3 55. Rxa7 Rxh4 56. Re7+ Kd4 57. a4 Rg4+ 58. Kf6 Rg3 59. Rd7 d5 60. Rb7 Rf3+ 61.
Ke6 Re3+ 62. Kd6 Rh3 63. Ke6 Rh6+ 64. Kf5 c4 65. bxc4 dxc4 66. Rd7+ Kc5 67. a5 Ra6 68. Ke4 Re6+ 69. Kf3 Re8 70. a6 c3 71. Rc7+ Kd4 0-1

[Event "*** Titled Tuesday Blitz"]
[Site "Chess.com"]
[Date "2020.03.03"]
[Round "9"]
[White "Sunnika"]
[Black "ronaldbrizuela"]
[Result "0-1"]
[WhiteElo "2385"]
[BlackElo "2625"]
[TimeControl "180+1"]
[EndTime "10:45:37 PST"]
[Termination "ronaldbrizuela won on time"]

1. d4 d5 2. c4 e6 3. g3 c5 4.
cxd5 exd5 5. Nf3 Nc6 6. Bg2 Nf6 7. O-O Be7 8. dxc5 Bxc5 9. Qd2 O-O 10. a3 Be7 11. Nc3 Be6 12. Nd4 Nxd4 13. Qxd4 b6 14. b4 Rc8 15. Bb2 Rc4 16. Qd3 Qc7 17. Nb5 Qd7 18.
Nd4 Bh3 19. Rac1 Rfc8 20. Rfd1 Bxg2 21. Kxg2 g6 22. Nf3 Qe6 23. e3 a5 24. bxa5 bxa5 25.
Rxc4 dxc4 26. Qc3 Rb8 27. Nd2 Rd8 28. Rc1 Rd3 29. Qxc4 Rxd2 30. Qxe6 fxe6 31. Bc3 Ra2 32. Bxa5 Ne4 33. Be1 Bxa3 34. Rc6 Kf7 35. Rc4 Nf6 36. Ra4 Ra1 37. Bb4 Bb2 38. Rxa1 Bxa1 39. f3 Nd7 40. e4 Bf6 41. Bd2 Be7 42. h4 e5 43. Be3 Ke6 44.
Bd2 Bc5 45. Kh3 Bd4 46. Kg4 Kf6 47. h5 Nc5 48. hxg6 hxg6 49. Bg5+ Kf7 50. Bd2 Nd3 51. Kh3 Ke6 52. Kg2 Nc5 53. f4 Nxe4 54.
Bc1 exf4 55. Bxf4 Kf5 56. Bc1 Be5 57. Be3 Nxg3 58. Bc1 Ne4 59. Be3 Bf4 60. Bd4 g5 61.
Bb6 g4 62. Bd4 Ng5 63. Bb6 Nf3 64. Bf2 Kg5 65. Kf1 Be5 66. Kg2 Bd4 67. Bg3 Be3 68. Kf1 Bf4 69. Bf2 Kf5 70. Kg2 Ke4 71. Bg3 Bxg3 72. Kxg3 Kf5 73. Kg2 Kf4 74. Kf2 g3+ 75.
Kg2 Kg4 76. Kh1 Ng5 77. Kg2 Kh4 78. Kh1 Kh3 79. Kg1 g2 80. Kf2 Kh2 81. Ke3 g1=Q+ 0-1

[Event "*** Titled Tuesday Blitz"]
[Site "Chess.com"]
[Date "2020.03.03"]
[Round "9"]
[White "Ginger_GM"]
[Black "TBergh98"]
[Result "0-1"]
[WhiteElo "2568"]
[BlackElo "2363"]
[TimeControl "180+1"]
[EndTime "10:46:06 PST"]
[Termination "TBergh98 won on time"]

1. f4 d5 2. Nf3 Nf6 3. e3 Bg4 4. Be2 Bxf3 5. Bxf3 c5 6. O-O Nc6 7. d3 e6 8. Qe1 Qc7 9. e4 O-O-O 10. c3 h5 11. a3 c4 12. e5 Ng4 13. dxc4 Bc5+ 14. Kh1 dxc4 15. Nd2 Ne3 16. Ne4 Nc2 17. Qe2 Nxa1 18.
Nxc5 Nb3 19. Qxc4 Nxc5 20. Qxc5 Qb6 21. Qc4 Kb8 22. b4 g6 23. a4 Ne7 24. Qe4 Nf5 25.
a5 Qc7 26. a6 Rd7 27. axb7 Rhd8 28. Be3 Nxe3 29. Qxe3 Qb6 30. Qe4 Qf2 31. Rg1 Rc7 32. h3 Rxc3 33. Ra1 Rxf3 34. Qxf3 Qxf3 35. gxf3 Kxb7 36. Kg2 Rd4 37. Kg3 Rxb4 38. Rd1 Kc7 39. Rc1+ Kd7 40. Ra1 Rb7 41. Ra6 Kc7 42. Kh4 Kb8 43.
Kg5 Rb6 44. Ra2 Rc6 45. Kf6 Rc7 46. Rb2+ Ka8 47. Rb3 a6 48. Kg7 Ka7 49. Kf8 a5 50. Ke8 Ka6 51. Kd8 Rb7 52. Rc3 a4 53. Kc8 Ra7 54. Kb8 Re7 55. Kc8 Kb5 56. Rc1 a3 57. Rd1 Kb4 58. Rd4+ Kb3 59. Rd6 a2 60. Ra6 Kb2 61.
Rb6+ Kc2 62. Rc6+ Kd3 63. Ra6 Ke3 64. Rxa2 Kxf3 65. Kd8 Rb7 66. Ra4 Kg3 67. Ke8 Kxh3 68. Rd4 Kg4 69. Kf8 Kf5 70. Kg7 h4 71. Rd3 Kxf4 72.
Kf6 g5 73. Rd1 g4 74. Rf1+ Ke3 75. Kg5 g3 76. Kxh4 g2 77. Rc1 Rb2 78. Kg3 Ke4 79. Re1+ Kf5 80. Kf3 Kg6 81. Kg3 f6 82. exf6 Kxf6 83.
Kf3 e5 84. Kg3 Kf5 85. Kf3 e4+ 86. Kg3 Ke5 87. Rd1 e3 88. Kf3 Rf2+ 89. Kxe3 Rf1 0-1

[Event "*** Titled Tuesday Blitz"]
[Site "Chess.com"]
[Date "2020.03.03"]
[Round "9"]
[White "Chessalary"]
[Black "bangchess21"]
[Result "0-1"]
[WhiteElo "2247"]
[BlackElo "2591"]
[TimeControl "180+1"]
[EndTime "10:46:59 PST"]
[Termination "bangchess21 won by resignation"]

1. e4 c6 2. d4 d5 3. Nd2 dxe4 4.
Nxe4 Bf5 5. Ng3 Bg6 6. h4 h6 7. Nf3 e6 8. Ne5 Bh7 9. Bd3 Bxd3 10. Qxd3 Nd7 11. f4 Be7 12. h5 Ngf6 13. Be3 Nxe5 14.
fxe5 Nd5 15. Bd2 Qb6 16. O-O-O O-O-O 17. Rhf1 Rhf8 18. Ne4 Kb8 19. a3 Rd7 20. c4 Qa6 21. Be1 Nb6 22. c5 Nc4 23. Nd2 Bg5 24. Rf3 Qb5 25.
b3 Nxa3 26. Kb2 Qxd3 27. Rxd3 Bxd2 28. R1xd2 Nb5 29. Bf2 Rfd8 30. Rg3 Nxd4 31. Rxg7 Nf5 32. Rxd7 Rxd7 33. Rg8+ Kc7 34. Kc3 b6 35. g4 Ne7 36.
Rg7 bxc5 37. Bxc5 Nd5+ 38. Kc4 Nf4 39. Bd6+ Kb6 40. Rh7 Nd5 41. Rxh6 Ne3+ 42. Kb4 Nxg4 43. Rh8 a5+ 44. Ka4 f5 45. exf6 Nxf6 46. Be5 Ng4 47.
Bf4 Rd4+ 48. Ka3 Rxf4 49. h6 Nxh6 50. Rxh6 Re4 51. Rh5 c5 52. Rh6 Kb5 53. Rh8 Re2 54. Rb8+ Kc6 55. Rc8+ Kd5 56. Rd8+ Kc6 57. Rc8+ Kb6 58.
Rb8+ Kc7 59. Rb5 Kc6 60. Rxa5 e5 61. Ra8 e4 62. Rd8 e3 63. Rd3 Re1 64. Kb2 e2 65.
Re3 Kd5 66. Kc2 Kd4 67. Rd3+ Ke4 68. Rd2 Ke3 69. Rd3+ Kf2 70. Rd8 Ra1 71. Rf8+ Ke3 72. Re8+ Kf2 73. Rf8+ Kg2 74. Rg8+ Kh3 75. Rh8+ Kg4 76.
Rg8+ Kh5 77. Rh8+ Kg6 78. Re8 e1=Q 79. Rxe1 Rxe1 80. Kc3 Re4 81. Kd3 Rb4 82. Kc3 Kf6 83. Kd3 Ke6 84. Kc3 Kd6 85. Kd3 Kd5 86. Kc3 Rh4 87. Kc2 Rh3 88. Kd2 Kd4 89. Kc2 Rh2+ 90. Kd1 Kc3 91. Kc1 Kxb3 0-1